 Dungeon Crawl Stone Soup version 0.30-a0-782-ge64f9170bb (webtiles) character file.

Game seed: 14786721862839191179

1903 Engwar the Martial Artist (level 8, -3/68 HPs)
             Began as a Green Draconian Monk on Feb 21, 2023.
             Was a Priest of Elyvilon.
             Killed by divine providence
             ... invoked by an orc priest
              (13 damage)
             ... on level 6 of the Dungeon.
             The game lasted 00:20:05 (6592 turns).

Engwar the Martial Artist (Green Draconian Monk)    Turns: 6592, Time: 00:20:05

Health: -3/68      AC: 11    Str: 14    XL:     8   Next: 94%
Magic:  11/12      EV: 13    Int: 12    God:    Elyvilon [***...]
Gold:   1444       SH:  5    Dex: 14    Spells: 2/11 levels left

rFire   . . .      SeeInvis .      - Unarmed
rCold   . . .      Faith    .    e - +0 buckler
rNeg    . . .      Spirit   .    (body armour unavailable)
rPois   +          Reflect  .    (helmet restricted)
rElec   .          Harm     .    (no cloak)
rCorr   .          Rampage  .    m - +1 pair of gloves {infuse}
Will    .....                    p - +2 pair of boots
Stlth   ++                       (no amulet)
HPRegen 0.31/turn                (no ring)
MPRegen 0.13/turn                (no ring)

@: no status effects
A: breathe noxious fumes, AC +6, unfitting armour, poison resistance,
cold-blooded
a: Breathe Noxious Fumes, Renounce Religion, Purification, Heal Other, Heal Self


You were on level 6 of the Dungeon.
You worshipped Elyvilon.
Elyvilon was most pleased with you.
You visited 1 branch of the dungeon, and saw 6 of its levels.
You also visited: Sewer.

You collected 1444 gold pieces.

Inventory:

Missiles
 g - 19 poisoned darts (quivered)
 k - 2 curare-tipped darts
 v - 2 atropa-tipped darts
Armour
 e - a +0 buckler (worn)
 m - a +1 pair of gloves of infusion (worn)
 p - a +2 pair of boots (worn)
Wands
 b - a wand of paralysis (6)
 t - a wand of flame (27)
Scrolls
 c - 2 scrolls of teleportation
 h - a scroll of fog
 i - a scroll of enchant armour
 j - a scroll of brand weapon {unknown}
 l - a scroll of poison {unknown}
 s - a scroll of vulnerability {unknown}
 u - a scroll of identify
Potions
 a - a potion of ambrosia
 d - a potion of magic
 f - a potion of haste
 n - 2 potions of flight
 q - 3 potions of attraction
 r - a potion of berserk rage


   Skills:
 - Level 5.0 Fighting
 - Level 4.0 Dodging
 - Level 1.7 Stealth
 - Level 4.0 Shields
 + Level 8.4 Unarmed Combat
 - Level 2.0 Spellcasting
 + Level 5.5 Invocations


You had 2 spell levels left.
You knew the following spells:

 Your Spells              Type           Power      Damage    Failure   Level
a - Ice Form              Ice/Tmut       1%         N/A       98%         4
b - Swiftness             Air            1%         N/A       71%         3
c - Blink                 Tloc           2%         N/A       45%         2

Your spell library contained the following spells:

 Spells                   Type           Power      Damage    Failure   Level
 Ensorcelled Hibernation  Hex/Ice        2%         N/A       45%         2
 Passwall                 Tmut/Erth      0%         N/A       45%         2
 Frozen Ramparts          Ice            2%         1d1       71%         3
 Manifold Assault         Tloc           1%         N/A       98%         4
 Summon Ice Beast         Ice/Summ       1%         N/A       98%         4
 Storm Form               Tmut/Air       0%         N/A       100%        7


Dungeon Overview and Level Annotations

Branches:
Dungeon (6/15)             Temple (0/1) D:4           Sewer (visited)

Altars:
Ashenzari

Annotations:
D:3 3 runed translucent doors, greenbourne's ghost, amateur OpCj


Innate Abilities, Weirdness & Mutations

You can breathe blasts of noxious fumes.
Your lurid green scales are hard. (AC +6)
You cannot fit into any form of body armour.
Your system is resistant to poisons. (rPois)
You are cold-blooded and may be slowed by cold attacks.


Message History

Beogh smites you!
The orc priest calls down the wrath of Beogh upon you.
Beogh smites you!
An orc wizard comes into view.
It is wielding a +1 dagger of holy wrath.
An orc priest comes into view. It is wielding a +0 morningstar.
Things that are here:
a +0 robe; a +4 great sword
Things that are here:
a +0 robe; a +5 dire flail
Things that are here:
a +0 leather armour; a +0 club You see here a +0 shortbow.
There is an open door here.
You punch the orc!
You kill the orc!
An orc comes into view. It is wielding a +0 flail.
The orc moves out of view.
The orc priest shouts!
The orc wizard shouts!
You punch the orc priest!
The orc priest is heavily wounded.
The orc priest barely misses you.
The orc priest invokes the aid of Beogh against you.
Beogh smites you!
The orc priest begins to cast a cantrip, but forgets the words!
The orc priest attacks as you move away!
The orc priest completely misses you.
The orc priest attacks as you move away!
The orc priest misses you.
The orc priest attacks as you move away!
The orc priest closely misses you.
The orc priest mumbles some strange prayers to Beogh against you.
Beogh smites you!
The orc priest invokes the aid of Beogh against you.
You struggle to resist.
The orc priest invokes the aid of Beogh against you.
Beogh smites you!
* * * LOW HITPOINT WARNING * * *
The orc priest calls down the wrath of Beogh upon you.
Beogh smites you!
You die...

......#......#....#...........#..
......#########..##...##......#..
......#.....###..##'####.....##..
......#...............##.....##..
....).'................#.....#...
......#...........)....#.....#...
......#.......)........#.....#...
.o....#..........<.....#......#..
......#......##.@.....######..###
.....)#..o...##.......#.....).#
......)......o........#.......#
......#......o........#.......#
......#.....).........#.......#
......#...............#.......###
......#...............#..........
......#...............#..........
......#...............#..........


You could see an orc priest and an orc wizard.

Vanquished Creatures
  A two-headed ogre (D:6)
  An ice beast (D:5)
  An orc warrior (D:6)
  A centaur (D:6)
  3 kobold brigands
  A scorpion (D:5)
  3 wights (D:6)
  A howler monkey (D:5)
  3 hounds
  2 gnoll boudas
  An orc priest (D:4)
  2 jellies
  2 orc wizards
  15 gnolls
  3 river rats
  4 adders
  2 worms (D:3)
  4 dart slugs
  14 orcs
  5 ball pythons
  4 bats
  5 endoplasms
  A giant cockroach (D:4)
  7 goblins
  5 hobgoblins
  5 jackals
  17 kobolds
  A quokka (D:3)
  8 rats
122 creatures vanquished.

Notes
Turn   | Place    | Note
-------+----------+-------------------------------------------
     0 | D:1      | Engwar the Draconian Monk began the quest for the Orb.
     0 | D:1      | Reached XP level 1. HP: 19/19 MP: 1/1
   190 | D:1      | Reached XP level 2. HP: 26/26 MP: 2/2
   805 | D:2      | Reached XP level 3. HP: 17/33 MP: 3/3
  1421 | D:3      | Identified 2 scrolls of acquirement
  1421 | D:3      | Acquired a +1 pair of gloves of infusion
  1427 | D:3      | Acquired 1027 gold pieces
  1466 | D:3      | Found a glowing drain.
  1477 | D:3      | Reached skill level 1 in Shields
  1544 | Sewer    | Entered a sewer
  1555 | Sewer    | Reached XP level 4. HP: 28/40 MP: 0/4
  1562 | Sewer    | Reached skill level 4 in Unarmed Combat
  1670 | Sewer    | Noticed a kobold brigand
  1702 | Sewer    | Killed a kobold brigand
  1703 | Sewer    | Reached XP level 5. HP: 24/46 MP: 0/5
  1909 | Sewer    | Found a white marble altar of Elyvilon.
  1981 | Sewer    | Became a worshipper of Elyvilon the Healer
  1981 | Sewer    | Reached * piety under Elyvilon
  1981 | Sewer    | Reached ** piety under Elyvilon
  2072 | D:3      | Learned a level 4 spell: Ice Form
  2526 | D:3      | Found a faded altar of an unknown god.
  2562 | D:3      | Found a runed translucent gate.
  2711 | D:3      | Found a runed translucent gate.
  2712 | D:3      | Found a runed translucent gate.
  2712 | D:3      | Identified the +1 ring mail of the Earth {rElec}
  2712 | D:3      | Noticed greenbourne's ghost (amateur OpCj)
  2883 | D:3      | Reached *** piety under Elyvilon
  3169 | D:4      | Found a broken altar of Ashenzari.
  3219 | D:4      | Reached XP level 6. HP: 52/53 MP: 2/6
  3507 | D:4      | Reached skill level 5 in Unarmed Combat
  3938 | D:4      | Found a staircase to the Ecumenical Temple.
  4012 | D:5      | Entered Level 5 of the Dungeon
  4112 | D:4      | Reached skill level 1 in Invocations
  4351 | D:5      | Noticed an ice beast
  4520 | D:5      | Your scales start taking on a lurid green colour.
  4520 | D:5      | Reached XP level 7. HP: 41/60 MP: 2/8
  4520 | D:5      | Gained mutation: Your system is resistant to poisons.
                  | (rPois) [Green Draconian growth]
  4618 | D:5      | Reached skill level 5 in Fighting
  5156 | D:5      | Reached skill level 6 in Unarmed Combat
  5233 | D:6      | Reached skill level 1 in Spellcasting
  5310 | D:6      | Reached **** piety under Elyvilon
  5620 | D:6      | Noticed a two-headed ogre
  5630 | D:6      | Killed a two-headed ogre
  5631 | D:6      | Reached skill level 7 in Unarmed Combat
  5631 | D:6      | Reached XP level 8. HP: 31/68 MP: 5/11
  5635 | D:6      | Learned a level 3 spell: Swiftness
  5638 | D:6      | Learned a level 2 spell: Blink
  5905 | D:6      | Reached skill level 8 in Unarmed Combat
  5905 | D:6      | Reached skill level 5 in Invocations
  6592 | D:6      | Killed from afar by an orc priest

Illustrated notes

Levels and vault maps discovered:
D:1:      scummos_arrival_checkerplants, layout_loops_ring
D:2:      layout_loops_ring
D:3:      layout_loops_corners, biasface_ghost_orc_armoury,
          cheibrodos_sewer_entry_sluice, shapermc_ecumenical_altar_starsandcircs
D:4:      layout_loops_ring, ashenzari_conservatory_becter,
          minmay_temple_entry_butterflies, st_stairs_9
D:5:      layout_basic, minivault_23
D:6:      layout_gridville

Skill      XL: |  1  2  3  4  5  6  7  8 |
---------------+-------------------------+-----
Dodging        | 3 4 |  4.0
Shields        | 1 2 4 |  4.0
Unarmed Combat | 4 5 7 8 |  8.4
Fighting       | 4 5 |  5.0
Invocations    | 1 4 5 |  5.5
Spellcasting   | 2 |  2.0
Stealth        | |  1.7

Action                     |  1- 3 |  4- 6 |  7- 9 || total
---------------------------+-------+-------+-------++-------
  Melee: Unarmed           |   100 |   171 |   199 ||   470
         Tailslap          |    13 |    17 |    25 ||    55
  Throw: Dart              |     1 |    14 |     5 ||    20
 Invoke: Purification      |       |     1 |       ||     1
         Heal Other        |       |       |     1 ||     1
Ability: Breathe Noxious F |       |       |     3 ||     3
    Use: Scroll            |     7 |     5 |       ||    12
         Potion            |       |     3 |     3 ||     6
   Stab: Sleeping          |     3 |     6 |     1 ||    10
 Armour: Skin              |    22 |    71 |   100 ||   193
  Dodge: Dodged            |    54 |   102 |   152 ||   308
  Block: Buckler           |    11 |    32 |    51 ||    94

Table legend: (Time is in decaauts)
 A = Elapsed time spent in this place.
 B = Non-inter-level travel time spent in this place.
 C = Inter-level travel time spent in this place.
 D = Time resting spent in this place.
 E = Time spent auto-exploring this place.
 F = Levels seen in this place.
 G = Mean time per level.
                   A        B        C        D        E       F      G
               +--------+--------+--------+--------+--------+-----+--------+
         Total |   6678 |   6476 |    202 |    594 |   4206 |   7 |  954.0 |
       Dungeon |   6124 |   5922 |    202 |    588 |   3946 |   6 | 1020.7 |
         Sewer |    553 |    553 |      0 |      6 |    260 |   1 |  553.0 |
               +--------+--------+--------+--------+--------+-----+--------+

Top non-repeatable levels by time:
     D:4: 1383 daAuts
     D:3: 1164 daAuts
     D:6: 1104 daAuts
     D:5: 1077 daAuts
     D:2: 757 daAuts
     D:1: 637 daAuts
   Sewer: 553 daAuts
